 Dungeon Crawl Stone Soup version 0.22-a0-479-gc6e99f3 (webtiles) character file.

3593 Gorglomux the Protected (level 9, -3/83 HPs)
             Began as a Minotaur Fighter on June 14, 2018.
             Was a High Priest of the Shining One.
             Slain by a two-headed ogre
             ... wielding a +0 giant club
              (32 damage)
             ... on level 8 of the Dungeon.
             The game lasted 00:05:55 (6001 turns).

Gorglomux the Protected (Minotaur Fighter)          Turns: 6001, Time: 00:05:56

Health: -3/83      AC: 11    Str: 29    XL:     9   Next: 85%
Magic:  8/8        EV:  7    Int:  5    God:    the Shining One [*****.]
Gold:   423        SH: 16    Dex: 10    Spells: 8/8 levels left

rFire    . . .     SeeInvis .   a - +1 war axe
rCold    . . .     Gourm    .   c - +0 shield
rNeg     + + .     Faith    .   j - +0 chain mail
rPois    .         Spirit   .   (helmet restricted)
rElec    .         Reflect  +   (no cloak)
rCorr    .         Harm     .   (no gloves)
MR       .....                  (no boots)
Stlth    ..........             J - +4 amulet of reflection
HPRegen  0.23/turn              l - ring of flight
MPRegen  0.11/turn              x - ring of stealth

@: mighty, lethally poisoned (-3 -> -7), glowing
A: retaliatory headbutt, horns 2
a: Divine Shield, Cleansing Flame, Summon Divine Warrior, Renounce Religion,
Evoke Flight


You were on level 8 of the Dungeon.
You worshipped the Shining One.
The Shining One was extremely pleased with you.
You were hungry.

You visited 1 branch of the dungeon, and saw 8 of its levels.
You also visited: Ossuary.

You collected 423 gold pieces.

Inventory:

Hand Weapons
 a - a +1 war axe (weapon)
Armour
 c - a +0 shield (worn)
 j - a +0 chain mail (worn)
Jewellery
 l - a ring of flight (left hand)
 x - a ring of stealth (right hand)
 J - a +4 amulet of reflection (around neck)
 K - an uncursed amulet of the gourmand
Wands
 R - a wand of disintegration (10)
Scrolls
 m - 2 scrolls of noise {unknown}
 r - a scroll of enchant weapon
 L - a scroll of random uselessness {unknown}
 N - a scroll of fog {unknown}
 T - a scroll of teleportation {unknown}
 X - a scroll of magic mapping {unknown}
 Y - 2 scrolls of remove curse
Potions
 d - 3 potions of might
 h - 3 potions of flight
 i - 5 potions of ambrosia
 n - a potion of invisibility {unknown}
 o - 5 potions of resistance
 q - 2 potions of heal wounds
 O - 2 potions of cancellation
 P - a potion of berserk rage {unknown}
 Q - 4 potions of curing
 U - a potion of degeneration {unknown}
 V - a potion of haste {unknown}
 W - 2 potions of agility
 Z - a potion of mutation {unknown}
Comestibles
 f - 14 rations
 S - 4 chunks of flesh


   Skills:
 + Level 9.2 Fighting
 + Level 8.8 Axes
 + Level 9.3 Armour
 + Level 9.2 Shields


You had 8 spell levels left.
You didn't know any spells.
Your spell library contained the following spells:

 Spells                   Type           Power        Failure   Level  Hunger
 Magic Dart               Conj           #...         99%         1    ##.....
 Conjure Flame            Conj/Fire      #.......     100%        3    ####...
 Slow                     Hex            #.......     100%        2    ###....
 Mephitic Cloud           Conj/Pois/Air  #.......     100%        3    ####...
 Blink                    Tloc           N/A          100%        2    ###....
 Call Imp                 Summ           #.......     100%        2    ###....


Dungeon Overview and Level Annotations

Branches:
Dungeon (8/15)             Temple (0/1) D:5
   Lair: D:8-11

Altars:
Ashenzari
Cheibriados
Dithmenos
Elyvilon
Fedhas
Gozag
Kikubaaqudgha
Nemelex Xobeh
Sif Muna
Trog
Uskayaw
Yredelemnul
Zin
The Shining One

Shops:
D:6 (


Innate Abilities, Weirdness & Mutations

You reflexively headbutt those who attack you in melee.
You have a pair of horns on your head.


Message History

You dice the two-headed ogre like an onion!
The two-headed ogre is moderately wounded!
You carve the water moccasin like a ham!!!
The water moccasin bites you! You block the two-headed ogre's attack!
The two-butt ogre hits you with a butt club!!! * * * don't die
* * * The water moccasin bites you! * * * don't die
* * * You are more butt!
The butt moccasin poisons you!!!
You feel much better!
You feel sick! You block the water moccasin's attack!
The two-headed ogre hits butt with a giant club!!!
You block the two-headed ogre's attack!
You dice the two-headed ogre like an onion!
The two-headed ogre is moderately wounded!
You closely miss the water moccasin!
You feel sick! The water moccasin bites you!
The howler monkey hoots and howls with incredible vigour!!!
The two-headed ogre hits you with a giant club!!!!!! rip

...รท......#...##.##
<##..........#....#
.##.#######...##..#
....# #....##..# #
###.#
#....##..######.##
#.#
#######............
#.# ##_##
#..........# #.#
#8... ##O##.###..#
#... #@##.# #..###
#S##.##......
##l##r#..a....
#.ho.yca.....#
#$#.#y...(##.#
#.#.#o....#
#.#.#o.F..#
#.#.#.....#
#.#.#.......


You could see a two-headed ogre, a water moccasin, a howler monkey, an iguana
and an orc priest.

Vanquished Creatures
  Grinder (D:3)
  The ghost of Thaneod the Chopper, an amateur DsBe of Trog (D:5)
  A hippogriff (D:7)
  2 orc warriors
  An ice beast (D:6)
  2 ogres
  3 phantoms
  3 centaurs
  3 bullfrogs
  3 water moccasin zombies (Ossuary)
  A scorpion (D:6)
  6 killer bees (D:8)
  4 wights (D:7)
  2 howler monkeys
  6 crimson imps
  A centaur skeleton (D:4)
  5 orc priests
  3 hounds
  A jelly (D:7)
  7 orc wizards
  An iguana (D:6)
  5 worker ants
  2 big kobold zombies (Ossuary)
  A hound zombie (D:6)
  A hound skeleton (D:5)
  2 mummies (Ossuary)
  5 adders
  A shadow imp (D:7)
  4 oozes
  7 adder zombies (Ossuary)
  2 adder skeletons
  2 worms (D:3)
  3 dart slugs
  2 leopard geckos
  22 orcs
  3 ball pythons
  2 giant cockroaches
  4 goblins
  2 hobgoblins
  4 jackals
  3 kobolds
  4 quokkas
  5 bats
  6 frilled lizards
  3 gnoll zombies (Ossuary)
  A goblin zombie (D:4)
  7 hobgoblin zombies (Ossuary)
  5 kobold zombies (Ossuary)
  5 orc zombies (Ossuary)
  A quokka zombie (D:4)
  7 rats
  A butterfly (D:5)
  2 fungi (D:7)
181 creatures vanquished.

Vanquished Creatures (others)
  An orc (D:7)
  A fungus (D:7)
2 creatures vanquished.

Grand Total: 183 creatures vanquished

Notes
Turn   | Place    | Note
-------+----------+-------------------------------------------
     0 | D:1      | Gorglomux the Minotaur Fighter began the quest for the Orb.
     0 | D:1      | Reached XP level 1. HP: 19/19 MP: 0/0
   148 | D:1      | Found a sparkling altar of Nemelex Xobeh.
   155 | D:1      | Reached XP level 2. HP: 23/27 MP: 1/1
   550 | D:2      | Noticed a centaur
   567 | D:2      | Killed a centaur
   567 | D:2      | Reached skill level 3 in Axes
   567 | D:2      | Reached XP level 3. HP: 8/34 MP: 2/2
   567 | D:2      | Reached XP level 4. HP: 10/41 MP: 3/3
  1005 | D:2      | Found a white marble altar of Elyvilon.
  1029 | D:2      | Found a glowing golden altar of the Shining One.
  1183 | D:2      | Found a snail-covered altar of Cheibriados.
  1225 | D:2      | Became a worshipper of the Shining One
  1454 | D:3      | Reached XP level 5. HP: 45/47 MP: 4/4
  1489 | D:3      | Noticed Grinder
  1497 | D:3      | Paralysed by Grinder for 3 turns
  1516 | D:3      | Killed Grinder
  1516 | D:3      | Reached XP level 6. HP: 46/56 MP: 5/5
  1767 | D:3      | Found an opulent altar of Gozag.
  1884 | D:3      | Found a blossoming altar of Fedhas.
  2019 | D:3      | Noticed an angel
  2020 | D:3      | Found a glowing silver altar of Zin.
  2180 | D:4      | Found a sand-covered staircase.
  2229 | Ossuary  | Entered an ossuary
  2231 | Ossuary  | Reached * piety under the Shining One
  2285 | Ossuary  | Reached ** piety under the Shining One
  2310 | Ossuary  | Reached XP level 7. HP: 62/62 MP: 6/6
  2340 | Ossuary  | Reached *** piety under the Shining One
  2341 | Ossuary  | Reached skill level 6 in Fighting
  2341 | Ossuary  | Reached skill level 6 in Armour
  2341 | Ossuary  | Reached skill level 6 in Shields
  2745 | D:4      | Found a sparkling altar of Nemelex Xobeh.
  2906 | D:4      | Noticed a dagger
  2906 | D:4      | Noticed a hand axe
  2907 | D:4      | Found a hide-covered altar of Uskayaw.
  2985 | D:5      | Entered Level 5 of the Dungeon
  3096 | D:5      | Found a staircase to the Ecumenical Temple.
  3134 | D:5      | Noticed Thaneod's ghost (amateur DsBe)
  3145 | D:5      | Killed Thaneod's ghost
  3145 | D:5      | Reached skill level 6 in Axes
  3145 | D:5      | Reached XP level 8. HP: 58/71 MP: 7/7
  3201 | D:5      | Found a basalt altar of Yredelemnul.
  3216 | D:5      | Found a shadowy altar of Dithmenos.
  3218 | D:5      | Found an ancient bone altar of Kikubaaqudgha.
  3219 | D:5      | Found a deep blue altar of Sif Muna.
  3693 | D:6      | Found Jawo's Weapon Boutique.
  3706 | D:6      | Found a bloodstained altar of Trog.
  3712 | D:6      | Found the +4 skin of Zhor {rC+++}
  3753 | D:6      | Reached **** piety under the Shining One
  4036 | D:6      | Reached XP level 9. HP: 50/81 MP: 8/8
  5138 | D:7      | Found a shattered altar of Ashenzari.
  5921 | D:8      | Found a white marble altar of Elyvilon.
  5945 | D:8      | Reached ***** piety under the Shining One
  5951 | D:8      | Reached skill level 9 in Armour
  5958 | D:8      | Reached skill level 9 in Fighting
  5958 | D:8      | Reached skill level 9 in Shields
  5992 | D:8      | Noticed a two-headed ogre
  6001 | D:8      | Slain by a two-headed ogre

Vault maps used:
D:1:      minmay_arrival_four_loops, nemelex_xobeh_ov_fountains_minmay
D:2:      nicolae_overflow_crystal_walls, kennysheep_slug_shrine, first_ration,
          elyvilon_altar_4
D:3:      nicolae_gozag_seed_capital, zin_angel, fedhas_altar_2, uniq_grinder
D:4:      dancing_weapons_uskayaw, enter_ossuary_4, nemelex_dance_club_becter
D:5:      minitemple, minmay_temple_entry_butterflies, grunt_decor_mini_mirrors
D:6:      serial_shops, shop, bloody_trog
D:7:      ashenzari_altar_1, minmay_gold_behind_fungi
D:8:      nicolae_overflow_hidden_temple, serial_shops, shop_fountains
Ossuary:  ossuary_tomb_2

Skill      XL: |  1  2  3  4  5  6  7  8  9 |
---------------+----------------------------+-----
Armour         | 4 5 6 7 9 |  9.3
Fighting       | 4 5 6 7 9 |  9.2
Axes           | 3 4 6 7 8 |  8.8
Shields        | 4 5 6 7 9 |  9.2

Action                   |  1- 3 |  4- 6 |  7- 9 || total
-------------------------+-------+-------+-------++-------
Melee: War axe           |    39 |   124 |   281 ||   444
       Headbutt          |     6 |    20 |    41 ||    67
Invok: Divine Shield     |       |       |     1 ||     1
  Use: Potion            |     1 |       |     4 ||     5
       Scroll            |       |       |    11 ||    11
  Eat: Chunk             |       |     5 |    11 ||    16
Armor: Chain mail        |    19 |    65 |   102 ||   186
       Scale mail        |     1 |       |       ||     1
       Skin              |       |       |    10 ||    10
Dodge: Dodged            |     5 |    21 |    67 ||    93
Block: Shield            |    22 |    65 |   188 ||   275
       Reflection        |       |       |     2 ||     2

Table legend:
 A = Spawn XP
 B = Non-spawn XP
 C = Spawn XP percentage of total XP
 D = Spawn monster count
 E = Non-spawn monster count
 F = Spawn count percentage of total count
 G = Total turns spent on level
                    A         B        C        D         E        F      G
               +---------+---------+-------+---------+---------+-------+---------
         Total |       0 |    5133 |   0.0 |       0 |     179 |   0.0 |  6001
               +---------+---------+-------+---------+---------+-------+---------
           D:1 |       0 |      22 |   0.0 |       0 |       9 |   0.0 |   445
           D:2 |       0 |     138 |   0.0 |       0 |      16 |   0.0 |   917
           D:3 |       0 |     394 |   0.0 |       0 |      18 |   0.0 |   755
           D:4 |       0 |     389 |   0.0 |       0 |      16 |   0.0 |   654
           D:5 |       0 |     718 |   0.0 |       0 |      18 |   0.0 |   629
           D:6 |       0 |    1201 |   0.0 |       0 |      30 |   0.0 |  1419
           D:7 |       0 |     995 |   0.0 |       0 |      22 |   0.0 |   864
           D:8 |       0 |     887 |   0.0 |       0 |      16 |   0.0 |   104
       Ossuary |       0 |     389 |   0.0 |       0 |      34 |   0.0 |   214
               +---------+---------+-------+---------+---------+-------+---------
